 Dungeon Crawl Stone Soup version 0.24.0-29-g8ce449bc06 (webtiles) character file.

Game seed: 9958769458043090616, levelgen mode: deterministic

1874 FishyPogo the Magician (level 9, -6/69 HPs)
             Began as a Gnoll Skald on Nov 15, 2019.
             Was a Believer of Makhleb.
             Killed from afar by an electric eel (11 damage)
             ... with a bolt of electricity
             ... on level 6 of the Dungeon on Nov 16, 2019.
             The game lasted 00:30:22 (4832 turns).

FishyPogo the Magician (Gnoll Skald)                Turns: 4832, Time: 00:30:23

Health: -6/69      AC:  9    Str: 15    XL:     9   Next: 14%
Magic:  18/18      EV: 21    Int: 16    God:    Makhleb [**....]
Gold:   122        SH:  0    Dex: 19    Spells: 9/20 levels left

rFire    + . .     SeeInvis .   C - +4 war axe "Ticzumn" {pain, rF+}
rCold    . . .     Gourm    .   (no shield)
rNeg     . . .     Faith    .   b - +0 leather armour
rPois    .         Spirit   .   E - +1 hat
rElec    .         Reflect  .   (no cloak)
rCorr    .         Harm     .   e - +2 pair of gloves
MR       .....                  G - +0 pair of boots
Stlth    ++........             h - amulet of magic regeneration
HPRegen  0.21/turn              s - -2 ring of dexterity (curse)
MPRegen  0.41/turn              (no ring)

@: agile, very slow
A: distributed training, fangs 1, strong nose
a: Minor Destruction, Renounce Religion


You were on level 6 of the Dungeon.
You worshipped Makhleb.
Makhleb was pleased with you.
You were not hungry.

You visited 2 branches of the dungeon, and saw 7 of its levels.
You also visited: Ossuary.

You collected 298 gold pieces.
You spent 176 gold pieces at shops.

Inventory:

Hand Weapons
 A - a +2 whip of pain
 C - the +4 war axe "Ticzumn" (weapon) {pain, rF+}
   (You found it on level 4 of the Dungeon)

   In the hands of one skilled in necromantic magic, it inflicts extra damage on
   living creatures.
   It protects you from fire.
 L - a +0 falchion of flaming
Missiles
 i - 262 stones (quivered)
 k - 11 boomerangs
 w - 7 poisoned darts
 N - 6 atropa-tipped darts
Armour
 b - a +0 leather armour (worn)
 e - a +2 pair of gloves (worn)
 v - a +3 chain mail of poison resistance
 E - a +1 hat (worn)
 G - a +0 pair of boots (worn)
Jewellery
 h - an amulet of magic regeneration (around neck)
 s - a cursed -2 ring of dexterity (left hand)
 y - an uncursed ring of fire
Wands
 t - a wand of disintegration (9)
 J - a wand of flame (24)
Scrolls
 c - 12 scrolls of remove curse
 g - 6 scrolls of teleportation
 j - a scroll of magic mapping
 m - a scroll of random uselessness {unknown}
 o - a scroll of fear {unknown}
 p - 6 scrolls of identify
 q - 3 scrolls of enchant weapon
 u - a scroll of amnesia
 M - a scroll of holy word {unknown}
Potions
 a - 3 potions of haste {unknown}
 f - 2 potions of flight {unknown}
 l - a potion of magic {unknown}
 n - 3 potions of agility
 r - 7 potions of curing
 x - 3 potions of resistance {unknown}
 z - a potion of mutation {unknown}
 B - a potion of brilliance {unknown}
 D - a potion of lignification {unknown}
 F - a potion of invisibility {unknown}
 H - a potion of heal wounds {unknown}
 I - a potion of degeneration {unknown}
Comestibles
 d - 8 rations
 K - 12 chunks of flesh


   Skills:
 + Level 6.1 Fighting
 + Level 3.9 Short Blades
 + Level 3.9 Long Blades
 + Level 3.9 Axes
 + Level 3.9 Maces & Flails
 + Level 6.1 Polearms
 + Level 3.9 Staves
 + Level 3.9 Slings
 + Level 3.9 Bows
 + Level 3.9 Crossbows
 + Level 3.9 Throwing
 + Level 4.7 Armour
 + Level 6.1 Dodging
 + Level 3.9 Stealth
 + Level 3.9 Shields
 + Level 3.9 Unarmed Combat
 + Level 6.4 Spellcasting
 + Level 3.2 Conjurations
 + Level 3.2 Hexes
 + Level 6.4 Charms
 + Level 3.2 Summonings
 + Level 3.2 Necromancy
 + Level 3.2 Translocations
 + Level 3.2 Transmutations
 + Level 3.2 Fire Magic
 + Level 3.2 Ice Magic
 + Level 3.2 Air Magic
 + Level 3.2 Earth Magic
 + Level 3.2 Poison Magic
 + Level 4.2 Invocations
 + Level 3.9 Evocations


You had 9 spell levels left.
You knew the following spells:

 Your Spells              Type           Power        Failure   Level  Hunger
h - Regeneration          Chrm/Necr      ###.......   7%          3    ##.....
j - Spectral Weapon       Hex/Chrm       ###.....     7%          3    ##.....
p - Shroud of Golubria    Chrm/Tloc      ###...       3%          2    None
u - Song of Slaying       Chrm           ####....     1%          2    None
y - Infusion              Chrm           ####         1%          1    None

Your spell library contained the following spells:

 Spells                   Type           Power        Failure   Level  Hunger
 Swiftness                Chrm/Air       ###.....     3%          2    None
 Shock                    Conj/Air       ###.         4%          1    None
 Static Discharge         Conj/Air       ###.....     13%         3    ##.....
 Airstrike                Air            ###.......   38%         4    ####...
 Lightning Bolt           Conj/Air       ###.......   75%         5    #####..


Dungeon Overview and Level Annotations

Branches:
Dungeon (6/15)             Temple (1/1) D:5         Ossuary (visited)

Altars:
Ashenzari
Cheibriados
Dithmenos
Elyvilon
Fedhas
Hepliaklqana
Kikubaaqudgha
Makhleb
Nemelex Xobeh
Okawaru
Ru
Trog
Uskayaw
Xom
Yredelemnul
Zin
The Shining One

Shops:
D:5 (%?[[   D:6 :


Innate Abilities, Weirdness & Mutations

Your experience applies equally to all skills.
You have very sharp teeth.
Your uncanny sense of smell can sniff out nearby items.


Message History

The bolt of electricity hits you!
* * * LOW HITPOINT WARNING * * *
The bolt of electricity hits the plant!
It was a potion of agility.
You feel agile all of a sudden.
The electric eel shoots out a bolt of lightning at you!
The bolt of electricity hits you.
* * * LOW HITPOINT WARNING * * *
The bolt of electricity hits the plant!
The electric eel shoots out a bolt of lightning at you!
The bolt of electricity misses you.
Okay, then.
You feel better.
The electric eel shoots out a bolt of lightning at you!
The bolt of electricity hits you.
* * * LOW HITPOINT WARNING * * *
The bolt of electricity hits the plant.
The electric eel shoots out a bolt of lightning at you!
The bolt of electricity hits you!
You die...

..
##...###.....#.......# .
##+## #.....#.......# #
####+##.......######## ∆
#.##♣♣♣♣≈♣..............
..?≈≈≈♣≈≈≈♣.............
♣♣P≈≈P≈≈≈≈≈.............
≈≈≈≈≈≈≈≈P≈≈.............
≈≈≈≈≈≈;;≈P≈♣............
P≈≈PPPP@PP≈PP..#########
≈≈≈≈≈≈≈≈..≈≈♣...#
≈≈≈.≈≈..≈.......#
...o............#
...J..?..;.≈≈≈♣##
..≈≈≈.≈≈≈≈≈≈♣≈♣
#♣≈P≈≈≈≈≈≈≈♣♣##
#♣≈≈≈≈≈≈≈P≈ #♣♣♣♣♣♣♣♣..


You could see an orc warrior, a jelly and 3 electric eels.

Vanquished Creatures
  Sigmund (D:5)
  Edmund (D:6)
  3 ogres
  2 centaurs (D:5)
  3 scorpions (D:4)
  A howler monkey (D:6)
  A crimson imp (D:5)
  A bullfrog zombie (D:6)
  2 hounds
  A jelly (D:5)
  An orc priest (D:6)
  3 bullfrog skeletons
  Jessica (D:3)
  Ijyb (D:3)
  An iguana (D:5)
  6 orc wizards
  6 worker ants
  12 mummies (Ossuary)
  8 adders
  An adder zombie (D:5)
  4 worms
  A dart slug (D:1)
  3 leopard geckos
  26 orcs
  A ball python (D:3)
  3 giant cockroaches
  5 goblins
  6 hobgoblins
  3 jackals (D:3)
  7 quokkas
  12 bats
  4 frilled lizards
  2 gnoll skeletons (Ossuary)
  5 goblin skeletons (Ossuary)
  A goblin zombie (D:5)
  8 kobolds
  An orc skeleton (Ossuary)
  6 rats
  11 rat skeletons (Ossuary)
  A rat zombie (D:5)
166 creatures vanquished.

Vanquished Creatures (others)
  A spectral weapon (D:4)
1 creature vanquished.

Grand Total: 167 creatures vanquished

Notes
Turn   | Place    | Note
-------+----------+-------------------------------------------
     0 | D:1      | FishyPogo the Gnoll Skald began the quest for the Orb.
     0 | D:1      | Reached XP level 1. HP: 20/20 MP: 6/6
   123 | D:1      | Reached XP level 2. HP: 26/26 MP: 4/7
   132 | D:1      | Learned a level 2 spell: Song of Slaying
   135 | D:1      | Learned a level 2 spell: Shroud of Golubria
   551 | D:2      | Reached skill level 5 in Spellcasting
   551 | D:2      | Reached XP level 3. HP: 26/31 MP: 5/9
   556 | D:2      | Learned a level 3 spell: Spectral Weapon
   561 | D:2      | Learned a level 3 spell: Regeneration
   592 | D:2      | Reached skill level 1 in Invocations
   787 | D:2      | Reached skill level 1 in Short Blades
   787 | D:2      | Reached skill level 1 in Long Blades
   787 | D:2      | Reached skill level 1 in Axes
   787 | D:2      | Reached skill level 1 in Maces & Flails
   787 | D:2      | Reached skill level 1 in Staves
   787 | D:2      | Reached skill level 1 in Slings
   787 | D:2      | Reached skill level 1 in Bows
   787 | D:2      | Reached skill level 1 in Crossbows
   787 | D:2      | Reached skill level 1 in Throwing
   787 | D:2      | Reached skill level 1 in Stealth
   787 | D:2      | Reached skill level 1 in Shields
   787 | D:2      | Reached skill level 1 in Unarmed Combat
   787 | D:2      | Reached skill level 1 in Evocations
   976 | D:2      | Reached XP level 4. HP: 38/38 MP: 8/11
  1436 | D:3      | Noticed Ijyb
  1453 | D:3      | Killed Ijyb
  1691 | D:3      | Noticed Jessica
  1704 | D:3      | Killed Jessica
  1704 | D:3      | Reached skill level 1 in Conjurations
  1704 | D:3      | Reached skill level 1 in Hexes
  1704 | D:3      | Reached skill level 1 in Summonings
  1704 | D:3      | Reached skill level 1 in Necromancy
  1704 | D:3      | Reached skill level 1 in Translocations
  1704 | D:3      | Reached skill level 1 in Transmutations
  1704 | D:3      | Reached skill level 1 in Fire Magic
  1704 | D:3      | Reached skill level 1 in Ice Magic
  1704 | D:3      | Reached skill level 1 in Air Magic
  1704 | D:3      | Reached skill level 1 in Earth Magic
  1704 | D:3      | Reached skill level 1 in Poison Magic
  1704 | D:3      | Reached XP level 5. HP: 32/43 MP: 8/12
  1795 | D:3      | Found a white marble altar of Elyvilon.
  2032 | D:3      | Reached XP level 6. HP: 12/50 MP: 3/13
  2665 | D:4      | Reached skill level 5 in Fighting
  2665 | D:4      | Reached skill level 5 in Polearms
  2665 | D:4      | Reached skill level 5 in Dodging
  2777 | D:4      | Reached XP level 7. HP: 25/56 MP: 0/15
  2874 | D:4      | Got a crystal war axe
  2934 | D:4      | Identified the +4 war axe "Ticzumn" {pain, rF+} (You found
                  | it on level 4 of the Dungeon)
  3087 | D:5      | Entered Level 5 of the Dungeon
  3106 | D:5      | Found Daump's Weapon Shop.
  3120 | D:5      | Found a staircase to the Ecumenical Temple.
  3134 | Temple   | Entered the Ecumenical Temple
  3216 | Temple   | Became a worshipper of Makhleb the Destroyer
  3292 | D:5      | Found Soyloles's Armour Shoppe.
  3307 | D:5      | Found a sand-covered staircase.
  3339 | D:5      | Found Musum's Magic Scroll Shoppe.
  3351 | D:5      | Bought a scroll of remove curse for 36 gold pieces
  3391 | Ossuary  | Entered an ossuary
  3449 | Ossuary  | Reached XP level 8. HP: 56/63 MP: 13/16
  3508 | Ossuary  | Reached * piety under Makhleb
  4080 | D:5      | Found Oninuc's Food Boutique.
  4213 | D:5      | Found Alexke's Antique Armour Shoppe.
  4260 | D:5      | Noticed Sigmund
  4271 | D:5      | Killed Sigmund
  4282 | D:5      | Reached ** piety under Makhleb
  4539 | D:5      | Bought a runed hat for 140 gold pieces
  4677 | D:6      | Reached XP level 9. HP: 57/69 MP: 15/18
  4697 | D:6      | Found Yqal's Book Emporium.
  4737 | D:6      | Noticed Edmund
  4747 | D:6      | Killed Edmund
  4831 | D:6      | HP: 2/69 [electric eel/bolt of electricity (4)]
  4832 | D:6      | Killed from afar by an electric eel

Levels and vault maps discovered:
D:1:      tarquinn_simple_flora_water_f, layout_rooms, chequers_mini_garden
D:2:      layout_basic, first_ration, serial_park_tiny_1
D:3:      layout_loops_ring, elyvilon_altar_5, uniq_ijyb, uniq_jessica
D:4:      layout_loops_ring, hangedman_minor_gate_pass
D:5:      layout_loops_corners, minmay_temple_entry_offerings, enter_ossuary_4,
          serial_shops, shop, nicolae_shop_stone, shop, shop_statue,
          nicolae_shop_trees, uniq_sigmund
D:6:      layout_gridville, grunt_qazlal_clouds, serial_shops,
          nicolae_shop_crystal, serial_bayou_ford_a, kennysheep_small_circle,
          uniq_edmund
Temple:   compressed_dpeg_circular_temple

Skill      XL: |  1  2  3  4  5  6  7  8  9 |
---------------+----------------------------+-----
Spellcasting   | 5 6 |  6.4
Invocations    | 1 2 3 4 |  4.2
Short Blades   | 1 2 3 |  3.9
Long Blades    | 1 2 3 |  3.9
Axes           | 1 2 3 |  3.9
Maces & Flails | 1 2 3 |  3.9
Staves         | 1 2 3 |  3.9
Slings         | 1 2 3 |  3.9
Bows           | 1 2 3 |  3.9
Crossbows      | 1 2 3 |  3.9
Throwing       | 1 2 3 |  3.9
Stealth        | 1 2 3 |  3.9
Shields        | 1 2 3 |  3.9
Unarmed Combat | 1 2 3 |  3.9
Evocations     | 1 2 3 |  3.9
Conjurations   | 1 2 3 |  3.2
Hexes          | 1 2 3 |  3.2
Summonings     | 1 2 3 |  3.2
Necromancy     | 1 2 3 |  3.2
Translocations | 1 2 3 |  3.2
Transmutations | 1 2 3 |  3.2
Fire Magic     | 1 2 3 |  3.2
Ice Magic      | 1 2 3 |  3.2
Air Magic      | 1 2 3 |  3.2
Earth Magic    | 1 2 3 |  3.2
Poison Magic   | 1 2 3 |  3.2
Armour         | 3 4 |  4.7
Fighting       | 5 6 |  6.1
Polearms       | 5 6 |  6.1
Dodging        | 5 6 |  6.1
Charms         | 6 |  6.4

Action                   |  1- 3 |  4- 6 |  7- 9 || total
-------------------------+-------+-------+-------++-------
Melee: Spear             |    76 |   197 |    16 ||   289
       Bite              |     2 |    23 |    12 ||    37
       War axe           |       |       |   175 ||   175
       Punch             |       |       |     2 ||     2
Throw: Stone             |     1 |       |       ||     1
 Cast: Infusion          |    15 |    20 |    17 ||    52
       Shroud of Golubri |    19 |    17 |    18 ||    54
       Spectral Weapon   |     1 |     4 |    24 ||    29
       Regeneration      |     1 |     6 |     7 ||    14
       Song of Slaying   |       |     2 |       ||     2
  Use: Scroll            |       |       |     8 ||     8
       Potion            |       |       |     2 ||     2
 Stab: Distracted        |       |     1 |       ||     1
       Sleeping          |       |     1 |     7 ||     8
  Eat: Chunk             |     1 |     7 |    10 ||    18
Armor: Leather armour    |    16 |    33 |    34 ||    83
Dodge: Dodged            |    31 |    90 |    92 ||   213
